 Dungeon Crawl Stone Soup version 0.30-a0-165-g1891117ce2 (webtiles) character file.

Game seed: 3290909364996412955

58 blackman the Shooter (level 4, -1/30 HPs)
             Began as a Human Wanderer on Sept 28, 2022.
             Succumbed to an adder's poison
             ... on level 2 of the Dungeon.
             The game lasted 00:04:00 (1712 turns).

blackman the Shooter (Human Wanderer)               Turns: 1712, Time: 00:04:00

Health: -1/30      AC:  2    Str: 11    XL:     4   Next: 21%
Magic:  7/7        EV: 11    Int: 10    God:
Gold:   68         SH:  0    Dex: 18    Spells: 6/7 levels left

rFire   . . .      SeeInvis .    a - +3 sling
rCold   . . .      Faith    .    (no shield)
rNeg    . . .      Spirit   .    d - +0 robe
rPois   .          Reflect  .    (no helmet)
rElec   .          Harm     .    (no cloak)
rCorr   .          Rampage  .    (no gloves)
Will    .....                    (no boots)
Stlth   ++........               (no amulet)
HPRegen 0.10/turn                (no ring)
MPRegen 0.10/turn                (no ring)

@: lethally poisoned (-1 -> -6)
A: no striking features
a: no special abilities


You were on level 2 of the Dungeon.
You visited 1 branch of the dungeon, and saw 2 of its levels.

You collected 68 gold pieces.

Inventory:

Hand Weapons
 a - a +3 sling (weapon)
Armour
 d - a +0 robe (worn)
 f - the +0 buckler "Zirorr" {Str+8 Dex-5}
   (You found it on level 2 of the Dungeon)

   Str:       It affects your strength (+8).
   Dex:       It affects your dexterity (-5).
Scrolls
 i - a scroll of enchant armour
Miscellaneous
 b - a piece from Xom's chessboard (12/15)


   Skills:
 + Level 6.2 Ranged Weapons
 - Level 2.0 Spellcasting
 - Level 1.0 Fire Magic
 - Level 2.0 Evocations


You had 6 spell levels left.
You knew the following spells:

 Your Spells              Type           Power      Damage    Failure   Level
a - Foxfire               Conj/Fire      8%         2x1d4     26%         1

Your spell library contained the following spells:

 Spells                   Type           Power      Damage    Failure   Level
 Sting                    Tmut/Pois      4%         1d3       30%         1
 Poisonous Vapours        Pois/Air       2%         N/A       43%         2
 Inner Flame              Hex/Fire       2%         N/A       58%         3
 Olgreb's Toxic Radiance  Pois           1%         N/A       97%         4


Dungeon Overview and Level Annotations

Branches:
Dungeon (2/15)

Altars:

Annotations:
D:2 Terence


Message History

You feel sick.
You are no longer poisoned.
You make a move on Xom's chessboard...
The endoplasm seems to slow down.
You hear a zap.
You hear a grinding noise.
You make a move on Xom's chessboard...
The adder seems to speed up.
You make a move on Xom's chessboard...
The endoplasm suddenly stops moving!
As you read the scroll labelled VACKOL UXTIAHO, it crumbles to dust.
You feel aware of your surroundings.
You sensed 1 altar.
It was a scroll of magic mapping.
The adder bites you. The adder barely misses you.
As you read the scroll labelled ZAIRCH XADGHEAPU, it crumbles to dust.
Your body is wracked with pain!
The adder convulses! x3; The giant cockroach convulses!
Terence convulses!
The endoplasm convulses!
The endoplasm quivers.
The endoplasm convulses!
It was a scroll of torment.
The adder bites you.
As you read the scroll labelled NYXEDU FOUS, it crumbles to dust.
It is a scroll of enchant weapon.
Your +2 sling glows red for a moment.
The adder closely misses you. The adder bites you.
* * * LOW HITPOINT WARNING * * *
The adder bites you.
* * * LOW HITPOINT WARNING * * *
The adder misses you. The adder bites you.
* * * LOW HITPOINT WARNING * * *
The adder barely misses you.
As you read the scroll labelled KIGHAU HAPRU, it crumbles to dust.
It is a scroll of identify.
i - a scroll of enchant armour The adder bites you.
* * * LOW HITPOINT WARNING * * *
You are lethally poisoned!
The adder poisons you! The adder barely misses you. x2
The adder bites you but does no damage.
Unknown command.
You shoot a sling bullet. The sling bullet misses the adder.
You die...

###### .....# .....# ####
.....##########.S###
..>.............@SB#
................#Sg##
.........#########@J#########****
###.....##*******#...........,,,,
####....#**8,**,*##...#...###****
.# #....#*_,**,,,*##..J...#******
.# #....#*8,,,,#....'.......,,,,,
.# #....#*,*,,,##............,,,,
.# ######*******##8........g.,,,,


You could see Terence, 3 adders, 2 endoplasms, a giant cockroach and a
hobgoblin.

Vanquished Creatures
  An adder (D:2)
  A worm (D:2)
  An orc (D:2)
  2 ball pythons
  4 endoplasms (D:1)
  2 giant cockroaches
  4 goblins
  3 hobgoblins
  3 jackals (D:1)
  6 kobolds
  2 quokkas
  5 bats (D:1)
  4 frilled lizards
  4 rats
42 creatures vanquished.

Vanquished Creatures (others)
  12 fungi (D:2)
12 creatures vanquished.

Grand Total: 54 creatures vanquished

Notes
Turn   | Place    | Note
-------+----------+-------------------------------------------
     0 | D:1      | blackman the Human Wanderer began the quest for the Orb.
     0 | D:1      | blackman set off with the following items: a +2 sling, a
                  | piece from Xom's chessboard (15/15), a scroll of blinking,
                  | a +0 robe; and the following spell memorised: Foxfire; and
                  | the following spells available to memorise: Inner Flame.
     0 | D:1      | Reached XP level 1. HP: 13/13 MP: 3/3
   176 | D:1      | Reached XP level 2. HP: 19/19 MP: 5/5
   310 | D:1      | Reached XP level 3. HP: 24/24 MP: 6/6
  1137 | D:2      | Reached skill level 6 in Ranged Weapons
  1467 | D:2      | Identified the +0 buckler "Zirorr" {Str+8 Dex-5}
  1507 | D:2      | Reached XP level 4. HP: 19/30 MP: 7/7
  1701 | D:2      | Noticed Terence
  1711 | D:2      | HP: 1/30 [adder (1)]
  1712 | D:2      | Succumbed to an adder's poison

Illustrated notes

Levels and vault maps discovered:
D:1:      dpeg_arrival_circle_labyrinth_a, layout_basic
D:2:      layout_basic, shapermc_ecumenical_altar_petra,
          dreamdust_mushroom_princess, uniq_terence

Skill      XL: |  1  2  3 |
---------------+----------+-----
Ranged Weapons | 6 |  6.2
Spellcasting   | |  2.0
Fire Magic     | |  1.0
Evocations     | |  2.0

Action                   |  1- 3 |  4- 6 || total
-------------------------+-------+-------++-------
 Fire: Sling             |   109 |    13 ||   122
Evoke: Piece from Xom's  |     1 |     3 ||     4
  Use: Potion            |     2 |       ||     2
       Scroll            |       |     5 ||     5
Armor: Robe              |    11 |     4 ||    15
Dodge: Dodged            |    22 |    11 ||    33

Table legend: (Time is in decaauts)
 A = Elapsed time spent in this place.
 B = Non-inter-level travel time spent in this place.
 C = Inter-level travel time spent in this place.
 D = Time resting spent in this place.
 E = Time spent auto-exploring this place.
 F = Levels seen in this place.
 G = Mean time per level.
                   A        B        C        D        E       F      G
               +--------+--------+--------+--------+--------+-----+--------+
         Total |   1725 |   1616 |    109 |    387 |   1019 |   2 |  862.5 |
       Dungeon |   1725 |   1616 |    109 |    387 |   1019 |   2 |  862.5 |
               +--------+--------+--------+--------+--------+-----+--------+

Top non-repeatable levels by time:
     D:1: 1130 daAuts
     D:2: 594 daAuts
